 Dungeon Crawl Stone Soup version 0.32-a0-411-g744942f433 (console) character file.

Game seed: 11837798990839340159

32 zenocrate the Ruffian (level 3, -3/35 (36) HPs)
             Began as a Troll Delver on Feb 20, 2024.
             Slain by a wight
             ... wielding a +0 long sword
              (10 damage)
             ... on level 4 of the Dungeon.
             The game lasted 00:00:20 (58 turns).

zenocrate the Ruffian (Troll Delver)                  Turns: 58, Time: 00:00:21

HP:   -3/35 (36)    AC:  4    Str: 22    XL:     3   Next: 10%
MP:   2/2           EV:  9    Int:  6    God:
Gold: 9             SH:  0    Dex: 11    Spells: 2/2 levels left

rFire   . .          .
                       - Unarmed
rCold   . . .        (no shield)
rNeg    . . .        a - +0 robe
rPois   .            (helmet restricted)
rElec   .            (no cloak)
rCorr   .            (gloves unavailable)
SInv    .            (boots unavailable)
Will    .....        (no amulet)
Stlth   ++           (no ring)
HPRegen 1.05/turn    (no ring)
MPRegen 0.08/turn

%: no passive effects
@: attractive, lightly drained
A: large, unfitting armour, claws 3, regeneration 1, shaggy fur 1, tough skin 1
a: no special abilities


You were on level 4 of the Dungeon.
You visited 1 branch of the dungeon, and saw 2 of its levels.

You collected 9 gold pieces.

Inventory:

Armour
 a - a +0 robe (worn)
Wands
 f - a wand of digging (3)
Scrolls
 b - a scroll of fog
 c - a scroll of revelation
 d - a scroll of fear
 g - a scroll of butterflies {unknown}
Potions
 e - a potion of haste


   Skills:
 + Level 2.4 Fighting
 - Level 1.5 Dodging
 - Level 2.7 Stealth
 + Level 3.6 Unarmed Combat


You had 2 spell levels left.
You didn't know any spells.
Your spell library was empty.

Dungeon Overview and Level Annotations

Branches:
Dungeon (5/15)
 Temple: D:4-7

Altars:
Qazlal


Innate Abilities, Weirdness & Mutations

You are too large for most types of armour.
You have claws for hands.
Your natural rate of healing is unusually fast.
You are covered in fur. (AC +1)
You have tough skin. (AC +1)


Message History

Your Unarmed Combat skill increases to level 3!
You have reached level 2!
You have reached level 3!
Your experience leads to an increase in your attributes!
Increase (S)trength, (I)ntelligence, or (D)exterity?
You feel stronger. x3
HP restored.
You see here a ball python corpse.
You now have 9 gold pieces.
h - a grey potion No target in view!
A wight comes into view.
It is wielding a +0 long sword and wearing a +0 robe of resistance.
A wight comes into view. It is wielding a +0 mace.
There are monsters nearby!
A wight and an orc come into view.
The orc is wielding a +2 dagger of venom.
The orc shouts!
The wight hits you with a +0 long sword!
A wight comes into view. It is wielding a +1 falchion of venom.
You scratch the wight.
The wight is lightly damaged.
The wight hits you with a +0 long sword!
The wight attacks as it pursues you!
The wight hits you with a +0 long sword!
* * * LOW HITPOINT WARNING * * *
You feel drained. The wight attacks as it pursues you!
The wight hits you with a +0 mace!
* * * LOW HITPOINT WARNING * * *
Unknown command.
Okay, then.
It was a potion of attraction.
You feel attractive to monsters. The wight barely misses you.
You claw the wight!
The wight is almost destroyed.
The wight misses you.
Unknown command.
You closely miss the wight.
The wight is almost destroyed.
The wight hits you with a +0 long sword!
You die...

.#..... # ........ ..
...o.... ... .........
...#####. ....... ......
....... #########o......
#....@zz..........
#######..#.#......
.##.......## # ..#
....$...### ##.####
........#.## ##..#..###
...........###..#.....
................#.......
........###........#....
##.......##........#....
##..............#..>...
##......###....# .....


You could see 2 wights and an orc.

Vanquished Creatures
  A hound (D:4)
  A ball python (D:4)
2 creatures vanquished.

Notes
Turn   | Place    | Note
-------+----------+-------------------------------------------
     0 | D:5      | zenocrate the Troll Delver began the quest for the Orb.
     0 | D:5      | Reached XP level 1. HP: 22/22 MP: 0/0
    19 | D:4      | Noticed a hound
    27 | D:4      | Killed a hound
    28 | D:4      | Reached skill level 3 in Unarmed Combat
    28 | D:4      | Reached XP level 2. HP: 25/29 MP: 1/1
    28 | D:4      | Reached XP level 3. HP: 31/36 MP: 2/2
    47 | D:4      | Noticed a wight
    48 | D:4      | Noticed a wight
    51 | D:4      | Noticed a wight
    51 | D:4      | Noticed a wight
    53 | D:4      | HP: 1/35 [wight/+0 mace (9)]
    58 | D:4      | Slain by a wight

Illustrated notes

Levels and vault maps discovered:
D:4:      layout_cave_pools, serial_co_window_serial, co_window_paths_a,
          co_window_paths_a, co_window_corner_a, co_window_paths_a,
          co_window_paths_a, co_window_cross_2, co_window_broadway_c,
          co_window_of_opportunity_b, co_window_corner_b, co_window_4corner_a,
          co_window_paths_e
D:5:      layout_rooms, general_overflow_altar,
          mainiacjoe_overflow_tiny_flanked, minmay_temple_entry_purple_smoke,
          serial_rivers, chequers_serial_rivers_large_a,
          chequers_serial_rivers_small_b, chequers_serial_rivers_large_b,
          chequers_serial_rivers_small_b

Skill      XL: |  1 |
---------------+----+-----
Unarmed Combat | 3 |  3.6
Fighting       | |  2.4
Dodging        | |  1.5
Stealth        | |  2.7

Action                     || total
---------------------------++-------
  Melee: Unarmed           ||    10
         Punch             ||     1
    Use: Potion            ||     1
   Stab: Sleeping          ||     1
 Armour: Robe              ||    11
  Dodge: Dodged            ||     7

Table legend: (Time is in decaauts)
 A = Elapsed time spent in this place.
 B = Non-inter-level travel time spent in this place.
 C = Inter-level travel time spent in this place.
 D = Time resting spent in this place.
 E = Time spent auto-exploring this place.
 F = Levels seen in this place.
 G = Mean time per level.
                   A        B        C        D        E       F      G
               +--------+--------+--------+--------+--------+-----+--------+
         Total |     57 |     57 |      0 |      0 |     30 |   2 |   28.5 |
       Dungeon |     57 |     57 |      0 |      0 |     30 |   2 |   28.5 |
               +--------+--------+--------+--------+--------+-----+--------+

Top non-repeatable levels by time:
     D:4: 38 daAuts
     D:5: 19 daAuts
